 Dungeon Crawl Stone Soup version 0.21-a0-440-g28109cb (webtiles) character file.

49 tof the Insei (level 3, 0/28 HPs)
             Began as a Demonspawn Gladiator on Nov 11, 2017.
             Slain by a goblin (2 damage)
             ... on level 2 of the Dungeon.
             The game lasted 00:05:06 (1587 turns).

tof the Insei (Demonspawn Gladiator)                Turns: 1587, Time: 00:05:07

Health: 0/28       AC:  5    Str: 14    XL:     3   Next: 53%
Magic:  3/3        EV: 10    Int:  9    God:
Gold:   202        SH:  9    Dex: 15    Spells: 2/2 levels left

rFire    . . .     SeeInvis .     - Unarmed
rCold    . . .     Gourm    .   e - +0 shield
rNeg     . . .     Faith    .   a - +0 leather armour
rPois    +         Spirit   .   (helmet restricted)
rElec    .         Reflect  +   j - scarf {repulsion}
rCorr    .         Harm     .   (no gloves)
MR       .....                  (no boots)
Stlth    +.........             r - +2 amulet of reflection
HPRegen  0.09/turn              o - ring of flight
MPRegen  0.08/turn              s - ring of poison resistance

@: repel missiles
A: horns 1, icy blue scales 1
a: Evoke Flight


You were on level 2 of the Dungeon.
You were very hungry.

You visited 1 branch of the dungeon, and saw 3 of its levels.

You collected 202 gold pieces.

Inventory:

Missiles
 c - 3 throwing nets
 k - 4 javelins (quivered)
Armour
 a - a +0 leather armour (worn)
 e - a +0 shield (worn)
 j - a scarf of repulsion (worn)
Jewellery
 o - a ring of flight (left hand)
 r - a +2 amulet of reflection (around neck)
 s - a ring of poison resistance (right hand)
Scrolls
 f - 2 scrolls of blinking {unknown}
 h - a scroll of fog {unknown}
 l - a scroll of teleportation {unknown}
 m - a scroll of enchant armour {unknown}
 t - a scroll of recharging {unknown}
Potions
 g - a potion of heal wounds {unknown}
 i - a potion of mutation {unknown}
 p - a potion of curing {unknown}
Comestibles
 d - 4 bread rations
 n - 3 royal jellies


   Skills:
 + Level 2.4 Fighting
 + Level 2.0 Throwing
 + Level 0.5 Armour
 + Level 3.0 Dodging
 + Level 0.4 Shields
 * Level 3.3 Unarmed Combat


You had 2 spell levels left.
You didn't know any spells.

Dungeon Overview and Level Annotations

Branches:
Dungeon (3/15)

Altars:


Innate Abilities, Weirdness & Mutations

You have a pair of small horns on your head.
You are partially covered in icy blue scales. (AC +2)


Message History

The goblin closely misses you. The orc hits you with a club.
* * * LOW HITPOINT WARNING * * *
You block the hobgoblin's attack. You block the goblin's attack.
You closely miss the hobgoblin.
The hobgoblin is moderately wounded.
You block the orc's attack.
The hobgoblin hits you but does no damage.
The goblin closely misses you.
You closely miss the hobgoblin.
The hobgoblin is moderately wounded.
The orc completely misses you. The hobgoblin hits you.
* * * LOW HITPOINT WARNING * * *
You block the goblin's attack.
You hit the hobgoblin.
The hobgoblin is almost dead.
The orc hits you with a club.
* * * LOW HITPOINT WARNING * * *
The hobgoblin hits you but does no damage.
The goblin hits you.
You die...

#............# #.#.
#.......)....######## ####.#.
#............#......###....##
#............#.####...#.#..#
#............#.# ###...#..#
####......####.##########..##
#..).........................
#.##......####.##########.##.
#.##......##@g...........###.
#.##......##og.#########.# ♣.
#.##......##.#### #.#♣♣.
#.##......##....# #.....
#.........#####.# ###♣♣.
####......# #.# ♣. #......#
##.### #. ######.######....#
#. ##...........#....# #(


You could see an orc, a hobgoblin and a goblin.

Vanquished Creatures
  An ooze (D:1)
  2 dart slugs
  A leopard gecko (D:3)
  An orc (D:2)
  7 goblins
  9 hobgoblins
  5 kobolds
  A quokka (D:2)
  3 bats
  A frilled lizard (D:1)
  4 rats
35 creatures vanquished.

Notes
Turn   | Place    | Note
-------+----------+-------------------------------------------
     0 | D:1      | tof the Demonspawn Gladiator began the quest for the Orb.
     0 | D:1      | Reached XP level 1. HP: 16/16 MP: 1/1
   279 | D:1      | Gained mutation: You are partially covered in icy blue scales. (AC +2) [demonic ancestry]
   279 | D:1      | Reached XP level 2. HP: 19/22 MP: 2/2
   943 | D:2      | Gained mutation: You have a pair of small horns on your head. [demonic ancestry]
   943 | D:2      | Reached XP level 3. HP: 20/27 MP: 3/3
  1587 | D:2      | Slain by a goblin

Vault maps used:
D:1:      lemuel_arrival_muddy
D:2:      cheibrodos_greedy_goblins, minmay_tree_intersection
D:3:      first_bread

Skill      XL: |  1  2  3 |
---------------+----------+-----
Unarmed Combat | 3 |  3.3
Throwing       | 2 |  2.0
Dodging        | 3 |  3.0
Fighting       | |  2.4
Armour         | |  0.5
Shields        | |  0.4

Action                   || total
-------------------------++-------
Melee: Unarmed           ||   144
       Headbutt          ||    14
Throw: Javelin           ||     4
 Stab: Sleeping          ||     1
  Eat: Chunk             ||     1
Armor: Leather armour    ||    47
Dodge: Dodged            ||    83
Block: Shield            ||    50

Table legend:
 A = Spawn XP
 B = Non-spawn XP
 C = Spawn XP percentage of total XP
 D = Spawn monster count
 E = Non-spawn monster count
 F = Spawn count percentage of total count
 G = Total turns spent on level
                    A         B        C        D         E        F      G
               +---------+---------+-------+---------+---------+-------+---------
         Total |       0 |      71 |   0.0 |       0 |      35 |   0.0 |  1587
               +---------+---------+-------+---------+---------+-------+---------
           D:1 |       0 |      28 |   0.0 |       0 |      13 |   0.0 |   741
           D:2 |       0 |      35 |   0.0 |       0 |      19 |   0.0 |   819
           D:3 |       0 |       8 |   0.0 |       0 |       3 |   0.0 |    27
               +---------+---------+-------+---------+---------+-------+---------
